 Dungeon Crawl Stone Soup version 0.29.1-2-gbd0b4ee654 (webtiles) character file.

Game seed: 768528167712989013

31 Icepheonix32 the Insei (level 2, 0/22 HPs)
             Began as a Demigod Transmuter on Nov 4, 2022.
             Slain by a worm (11 damage)
             ... on level 2 of the Dungeon.
             The game lasted 00:01:29 (1606 turns).

Icepheonix32 the Insei (Demigod Transmuter)         Turns: 1606, Time: 00:01:30

Health: 0/22       AC:  2    Str: 11    XL:     2   Next: 90%
Magic:  6/7        EV: 12    Int: 15    God:
Gold:   64         SH:  0    Dex: 14    Spells: 4/5 levels left

rFire   . . .      SeeInvis .     - Unarmed
rCold   . . .      Faith    .   (no shield)
rNeg    . . .      Spirit   .   a - +0 robe
rPois   .          Reflect  .   (helmet currently unavailable)
rElec   .          Harm     .   (no cloak)
rCorr   .          Rampage  .   (no gloves)
Will    .....                   (boots currently unavailable)
Stlth   +.........              (no amulet)
HPRegen 0.07/turn               (no ring)
MPRegen 0.10/turn               (no ring)

@: appendages
A: horns 2, talons 2, high MP 1, forlorn, divine attributes
a: End Transformation


You were on level 2 of the Dungeon.
You had temporarily grown beastly horns and talons.
You visited 1 branch of the dungeon, and saw 2 of its levels.

You collected 89 gold pieces.
You spent 25 gold pieces at shops.

Inventory:

Armour
 a - a +0 robe (worn)
 h - a +0 pair of boots (melded)
Scrolls
 c - a scroll of poison
 e - a scroll of noise
 f - a scroll of teleportation {unknown}
Potions
 b - a potion of lignification
 d - a potion of cancellation {unknown}
 g - a potion of curing {unknown}


   Skills:
 + Level 0.8 Fighting
 + Level 1.8 Dodging
 + Level 0.1 Stealth
 + Level 3.1 Unarmed Combat
 + Level 2.0 Spellcasting
 * Level 2.5 Transmutations


You had 4 spell levels left.
You knew the following spells:

 Your Spells              Type           Power      Damage    Failure   Level
a - Beastly Appendage     Tmut           18%        N/A       8%          1

Your spell library contained the following spells:

 Spells                   Type           Power      Damage    Failure   Level
 Wereblood                Tmut           9%         N/A       12%         2
 Spider Form              Tmut/Pois      5%         N/A       36%         3
 Ice Form                 Ice/Tmut       5%         N/A       78%         4


Dungeon Overview and Level Annotations

Branches:
Dungeon (2/15)

Shops:
D:1 *


Innate Abilities, Weirdness & Mutations

You have temporarily grown beastly horns and talons.
You have an increased reservoir of magic. (+10% MP)
You shall have no god before yourself.
Your divine heritage dramatically boosts your attributes as you level up.


Message History

You kill the endoplasm!
No target in view!
Your transformation is almost over.
Your horns disappear.
Your talons disappear.
Your +0 pair of boots unmelds from your body.
A goblin comes into view. It is wielding a +0 club.
A goblin is nearby!
A worm comes into view.
Found 14 gold pieces.
The goblin shouts!
The goblin unwields a +0 club.
The goblin wields a +0 sling.
The goblin shoots a sling bullet.
The sling bullet barely misses you.
You grow a pair of large bovine horns.
Your feet morph into talons.
Your +0 pair of boots melds into your body.
The goblin shoots a sling bullet.
The sling bullet misses you.
The goblin unwields a +0 sling.
The goblin wields a +0 club.
The goblin hits you with a +0 club.
You closely miss the goblin. Your headbutt misses the goblin.
The goblin hits you with a +0 club.
You hit the goblin. Your kick misses the goblin.
Your headbutt misses the goblin.
The goblin is severely wounded.
The goblin closely misses you.
You closely miss the goblin. Your kick misses the goblin.
The goblin is severely wounded.
The goblin barely misses you.
You hit the goblin.
You kill the goblin!
The worm bites you.
You are too injured to fight recklessly!
You are too injured to fight recklessly!
You are too injured to fight recklessly!
You hit the worm but do no damage. You claw the worm, but do no damage.
You headbutt the worm!
The worm is moderately wounded.
You barely miss the worm.
The worm is moderately wounded.
The worm bites you!
Ouch! That really hurt!
You die...

#.##..##.#.#...######...#########
#.##..##.#......................'
#.##..##..........#####.#########
#.##..#........... ...# #
#.##..#..#......## #####
#.##..#..#.####.#
#.##..#.........##
#.##..#.##.......######
#.....#.########@.....#
......#.#.......w)....#
#######.#.#####.......# ..#
#.......# ### #.......# ........#
.#.....$# ..#......#


You could see a worm.

Vanquished Creatures
  An adder (D:2)
  3 endoplasms
  2 goblins (D:2)
  2 hobgoblins (D:2)
  A quokka (D:1)
  6 ball pythons
  A bat (D:2)
  A frilled lizard (D:1)
  2 kobolds
  3 rats
22 creatures vanquished.

Notes
Turn   | Place    | Note
-------+----------+-------------------------------------------
     0 | D:1      | Icepheonix32 the Demigod Transmuter began the quest for the
                  | Orb.
     0 | D:1      | Reached XP level 1. HP: 15/15 MP: 5/5
   469 | D:1      | Found Xigun's Assorted Antiques.
   627 | D:1      | Reached XP level 2. HP: 20/22 MP: 5/7
   863 | D:1      | Bought a bubbling inky potion for 25 gold pieces
  1121 | D:2      | Reached skill level 3 in Unarmed Combat
  1606 | D:2      | Slain by a worm

Illustrated notes

Levels and vault maps discovered:
D:1:      eino_arrival_tree_alley, layout_basic, serial_shops, shop,
          nrook_mini_vaults, minmay_strange_pillars
D:2:      layout_basic, basic_altar, chequers_ecumenical_altar_simple_redux

Skill      XL: |  1  2 |
---------------+-------+-----
Transmutations | 2 |  2.5
Unarmed Combat | 3 |  3.1
Spellcasting   | 2 |  2.0
Fighting       | |  0.8
Dodging        | |  1.8
Stealth        | |  0.1

Action                   || total
-------------------------++-------
Melee: Unarmed           ||    51
       Kick              ||     9
       Headbutt          ||     3
 Cast: Beastly Appendage ||    18
  Use: Scroll            ||     2
Armor: Robe              ||    10
Dodge: Dodged            ||    32
